 Dungeon Crawl Stone Soup version 0.23-a0-359-g9beedce (webtiles) character file.

139 AymanAU the Slasher (level 5, -1/48 HPs)
             Began as a Minotaur Berserker on Oct 23, 2018.
             Was a Believer of Trog.
             Slain by a hobgoblin (3 damage)
             ... led by Robin
             ... on level 2 of the Dungeon.
             The game lasted 00:06:10 (1851 turns).

AymanAU the Slasher (Minotaur Berserker)            Turns: 1851, Time: 00:06:11

Health: -1/48      AC:  2    Str: 23    XL:     5   Next: 1%
Magic:  4/4        EV: 12    Int:  4    God:    Trog [**....]
Gold:   86         SH:  0    Dex:  9    Spells: 4/4 levels left

rFire    . . .     SeeInvis .   a - +0 falchion
rCold    . . .     Gourm    .   (no shield)
rNeg     . . .     Faith    .   b - +0 animal skin
rPois    .         Spirit   .   (helmet restricted)
rElec    .         Reflect  .   (no cloak)
rCorr    .         Harm     .   (no gloves)
MR       .....                  (no boots)
Stlth    +.........             (no amulet)
HPRegen  0.16/turn              (no ring)
MPRegen  0.09/turn              (no ring)

@: no status effects
A: retaliatory headbutt, horns 2
a: Berserk, Trog's Hand, Renounce Religion


You were on level 2 of the Dungeon.
You worshipped Trog.
Trog was pleased with you.
You were not hungry.

You visited 1 branch of the dungeon, and saw 3 of its levels.

You collected 86 gold pieces.

Inventory:

Hand Weapons
 a - a +0 falchion (weapon)
Missiles
 d - 32 stones (quivered)
 j - 12 bolts
Armour
 b - a +0 animal skin (worn)
Scrolls
 e - 6 scrolls of remove curse {unknown}
 h - a scroll of identify {unknown}
Potions
 f - a potion of cancellation {unknown}
 g - a potion of might {unknown}
 k - a potion of brilliance {unknown}
 l - a potion of curing {unknown}
Comestibles
 c - 3 rations
 i - 5 chunks of flesh


   Skills:
 + Level 5.0 Fighting
 + Level 5.3 Long Blades
 + Level 2.7 Armour
 + Level 3.0 Dodging
 + Level 0.1 Stealth


You had 4 spell levels left.
You didn't know any spells.
Your spell library was empty.

Dungeon Overview and Level Annotations

Branches:
Dungeon (3/15)

Altars:
Cheibriados
Hepliaklqana
Vehumet

Annotations:
D:3 Robin


Innate Abilities, Weirdness & Mutations

You reflexively headbutt those who attack you in melee.
You have a pair of horns on your head.


Message History

The jackal bites you. The goblin hits you with a +0 club.
The jackal misses you.
You can't go down here!
The hobgoblin barely misses you. The goblin hits you with a +0 club.
* * * LOW HITPOINT WARNING * * *
The jackal bites you.
* * * LOW HITPOINT WARNING * * *
You climb upwards.
There is a stone staircase leading down here.
You hit the goblin.
You kill the goblin!
Trog accepts your kill. The jackal bites you.
* * * LOW HITPOINT WARNING * * *
The hobgoblin hits you.
* * * LOW HITPOINT WARNING * * *
You closely miss the hobgoblin. The jackal bites you.
* * * LOW HITPOINT WARNING * * *
The hobgoblin hits you.
You die...

### ########..
#.........
###########.######.#
#.)@h...............
#.#g############.#.#
#.#.# #.##.#.# #.#.#
#....#.# #.#.#
#.####.# #.#.# #.#
#.# #.#.# #.######
#.#.# #.#..# # #.#.#
#.#.###8


You could see a jackal and a hobgoblin.

Vanquished Creatures
  A jelly (D:2)
  5 adders (D:2)
  3 dart slugs
  5 leopard geckos (D:1)
  3 bats
  A giant cockroach (D:1)
  9 goblins
  5 hobgoblins
  6 jackals
  A quokka (D:2)
  A ball python (D:1)
  3 frilled lizards (D:1)
  2 kobolds (D:1)
  8 rats
53 creatures vanquished.

Notes
Turn   | Place    | Note
-------+----------+-------------------------------------------
     0 | D:1      | AymanAU the Minotaur Berserker began the quest for the Orb.
     0 | D:1      | Reached XP level 1. HP: 19/19 MP: 0/0
    80 | D:1      | Reached XP level 2. HP: 23/27 MP: 1/1
   341 | D:1      | Reached XP level 3. HP: 21/33 MP: 2/2
   341 | D:1      | Reached ** piety under Trog
   620 | D:2      | Found a snail-covered altar of Cheibriados.
   687 | D:2      | Found a hazy altar of Hepliaklqana.
   782 | D:2      | Reached XP level 4. HP: 36/41 MP: 3/3
   901 | D:2      | Found a faded altar of an unknown god.
   983 | D:2      | Found a radiant altar of Vehumet.
  1012 | D:2      | Reached skill level 5 in Long Blades
  1156 | D:2      | Reached skill level 5 in Fighting
  1838 | D:3      | Noticed Robin
  1845 | D:3      | Reached XP level 5. HP: 26/48 MP: 4/4
  1851 | D:2      | HP: 2/48 [jackal (3)]
  1851 | D:2      | Slain by a hobgoblin

Vault maps used:
D:1:      dpeg_arrival_tiny_c, minmay_bisected
D:2:      lemuel_crystal_altar, cheibriados_altar_1,
          nicolae_overflow_hidden_temple, chequers_ecumenical_altar_island,
          serial_bayou_lake_a
D:3:      uniq_robin

Skill      XL: |  1  2  3  4 |
---------------+-------------+-----
Long Blades    | 4 5 |  5.3
Fighting       | 4 5 |  5.0
Dodging        | 3 |  3.0
Armour         | |  2.7
Stealth        | |  0.1

Action                   |  1- 3 |  4- 6 || total
-------------------------+-------+-------++-------
Melee: Falchion          |    69 |    27 ||    96
       Headbutt          |    12 |     6 ||    18
 Stab: Sleeping          |     1 |       ||     1
  Eat: Ration            |       |     1 ||     1
       Chunk             |       |     1 ||     1
Armor: Animal skin       |     8 |     3 ||    11
Dodge: Dodged            |    60 |    34 ||    94
       Rpst.: Falchion   |    18 |     7 ||    25

Table legend:
 A = Non-vault XP
 B = Vault XP
 C = Vault XP percentage of total XP
 D = Non-vault monster count
 E = Vault monster count
 F = Vault count percentage of total count
                 A         B        C        D         E       F
            +---------+---------+-------+---------+---------+-------
      Total |     186 |      13 |   6.5 |      47 |       6 |  11.3
            +---------+---------+-------+---------+---------+-------
        D:1 |      50 |      10 |  16.7 |      29 |       4 |  12.1
        D:2 |     128 |       2 |   1.5 |      14 |       1 |   6.7
        D:3 |       8 |       1 |  11.1 |       4 |       1 |  20.0
            +---------+---------+-------+---------+---------+-------
